 Dungeon Crawl Stone Soup version 0.22-a0-136-g83a10e5 (webtiles) character file.

107 mhoghedin the Chiller (level 4, -1/33 HPs)
             Began as a Draconian Ice Elementalist on Feb 3, 2018.
             Killed by nerve-wracking pain
             ... invoked by a shadow imp
              (11 damage)
             ... on level 6 of the Dungeon.
             The game lasted 00:03:16 (1958 turns).

mhoghedin the Chiller (Draconian Ice Elementalist)  Turns: 1958, Time: 00:03:16

Health: -1/33      AC: 11    Str: 11    XL:     4   Next: 57%
Magic:  6/9        EV: 12    Int: 16    God:
Gold:   77         SH:  0    Dex: 11    Spells: 3/9 levels left

rFire    + . .     SeeInvis .   f - -2 mace (curse)
rCold    . . .     Gourm    .   (no shield)
rNeg     . . .     Faith    .   (armour unavailable)
rPois    .         Spirit   .   (helmet restricted)
rElec    .         Reflect  .   (no cloak)
rCorr    .         Harm     .   (no gloves)
MR       .....                  k - +0 pair of boots
Stlth    ++........             (no amulet)
HPRegen  0.11/turn              c - ring of protection from fire {rF+, !d}
MPRegen  0.11/turn              (no ring)

@: icy armour, slow
A: unfitting armour, cold-blooded, AC +5
a: no special abilities


You were on level 6 of the Dungeon.
You were not hungry.

You visited 1 branch of the dungeon, and saw 4 of its levels.

You collected 77 gold pieces.

Inventory:

Hand Weapons
 f - a cursed -2 mace (weapon)
   (You found it on level 1 of the Dungeon)
Armour
 k - a +0 pair of boots (worn)
   (You found it on level 1 of the Dungeon)
Jewellery
 c - a ring of protection from fire (left hand) {rF+, !d}
   (You found it on level 1 of the Dungeon)
 j - a +3 ring of dexterity {unknown}
   (You found it on level 3 of the Dungeon)
Scrolls
 l - a scroll of identify
 m - a scroll of teleportation {unknown}
 n - a scroll of amnesia {unknown}
Potions
 d - 2 potions of lignification {!q}
 e - a potion of berserk rage {unknown}
 g - 2 potions of curing
 i - a potion of might {unknown}
Books
 a - a book of Frost
Comestibles
 b - 4 rations
 h - a chunk of flesh {@w0}


   Skills:
 - Level 1.7 Dodging
 - Level 1.7 Stealth
 + Level 3.4 Spellcasting
 - Level 1.0 Conjurations
 + Level 4.3 Ice Magic


You had 3 spell levels left.
You knew the following spells:

 Your Spells              Type           Power        Failure   Level  Hunger
a - Freeze                Ice            ###.         3%          1    None
x - Throw Frost           Conj/Ice       ##....       9%          2    ##.....
A - Ozocubu's Armour      Chrm/Ice       #.......     22%         3    ###....


Dungeon Overview and Level Annotations

Branches:
Dungeon (3/15)

Altars:
Nemelex Xobeh

Annotations:
D:2 Robin


Innate Abilities, Weirdness & Mutations

Your plain brown scales are hard. (AC +5)
You cannot fit into any form of body armour.
You are cold-blooded and may be slowed by cold attacks.


Message History

You are very lightly contaminated with residual magic.
Wisps of condensation drift from your hands.
The bullfrog completely misses you.
The bullfrog releases a deep croak.
The bullfrog barely misses you.
You now have 5/7 mp.
Aim: a bullfrog (moderately wounded)
You freeze the bullfrog. The bullfrog hits you.
You take 3 damage, and have 18/26 hp.
You now have 4/7 mp.
Aim: a bullfrog (moderately wounded)
You freeze the bullfrog.
The bullfrog seems to slow down.
The bullfrog barely misses you.
You now have 3/7 mp.
Aim: a bullfrog (heavily wounded, slow)
You freeze the bullfrog. The bullfrog closely misses you.
You now have 2/7 mp.
Aim: a bullfrog (almost dead, slow)
You freeze the bullfrog.
The bullfrog seems to slow down.
The bullfrog hits you.
You take 1 damage, and have 17/26 hp.
You now have 1/7 mp.
Aim: a bullfrog (almost dead, slow)
You freeze the bullfrog.
You kill the bullfrog!
Your Spellcasting skill increases to level 3!
Your Ice Magic skill increases to level 4!
You have reached level 4!
You feel stronger.
You regained 5 hp, and now have 22/33 hp.
You now have 0/9 mp.
You see here a bullfrog corpse.
You butcher the bullfrog corpse.
h - a chunk of flesh {@w0} You see here a bullfrog skeleton.
Okay, then.
Unknown command.
Unknown command.
You see here a chain mail.
You start resting.
Your magical contamination has completely faded away.
You start resting.
You hear the slow rusting of a distant drain.
You regained 2 hp, and now have 25/33 hp.
You regained 2 mp, and now have 4/9 mp.
You start resting.
You hear the slow rusting of a distant drain.
You regained 6 hp, and now have 31/33 hp.
MP restored: 9
Found a stone staircase leading down.
Health restored: 33
Okay, then.
Unknown command.
A shadow imp comes into view.
The shadow imp shouts, "Slither hence, thou puking mumble-news harpy!"
The shadow imp closely misses you.
You barely miss the shadow imp. The shadow imp hits you.
You take 5 damage, and have 28/33 hp.
You hit the shadow imp.
The shadow imp hits you but does no damage.
Aim: a shadow imp (moderately wounded)
You freeze the shadow imp.
The shadow imp completely resists.
The shadow imp hits you.
You take 1 damage, and have 27/33 hp.
You now have 8/9 mp.
Aim: a shadow imp (moderately wounded)
You freeze the shadow imp.
The shadow imp completely resists.
The shadow imp closely misses you.
You now have 7/9 mp.
You barely miss the shadow imp.
The shadow imp hits you but does no damage.
The shadow imp closely misses you.
You hit the shadow imp. The shadow imp closely misses you.
You closely miss the shadow imp.
The shadow imp hits you but does no damage.
The shadow imp hits you.
You take 6 damage, and have 22/33 hp.
You closely miss the shadow imp. The shadow imp barely misses you.
You barely miss the shadow imp.
The shadow imp lashes its tail.
The shadow imp misses you.
You closely miss the shadow imp.
The shadow imp hits you but does no damage. x2
You barely miss the shadow imp. You tail-slap the shadow imp.
The shadow imp gestures at you.
You barely resist.
You hit the shadow imp but do no damage.
The shadow imp hits you. The shadow imp gestures at you.
Pain shoots through your body!
You take 13 damage, and have 10/33 hp.
MASSIVE DAMAGE!!
Unknown command.
You closely miss the shadow imp. The shadow imp closely misses you.
You barely miss the shadow imp. The shadow imp barely misses you.
You barely miss the shadow imp.
The shadow imp hits you but does no damage. x2
MP restored: 9 A film of ice covers your body!
You hear the slow rusting of a drain nearby.
The shadow imp gestures at you. Pain shoots through your body!
You die...

*,,,,,,,,,,,,...,,
*,***********#.#**
*,* #######.###
*,**####>.........
*,,,..##.####.....
****#.##.# #..##.
#.##.# #..#..
#######.##.####..#..
#..@5...............
#.####...........##.
#,* #..............
*,* #..(....##.##*,
*,***#.......#*,# *,
*,,,,.........#,* *,
*,,,.........##,* *,
*,,..........#*,* *,
*,,,,,,*****,**,* *,


You could see a shadow imp.

Vanquished Creatures
  A bullfrog (D:6)
  An adder (D:6)
  An ooze (D:1)
  3 leopard geckos (D:1)
  An orc (D:3)
  2 giant cockroaches (D:1)
  4 goblins
  5 hobgoblins
  2 bats (D:1)
  A frilled lizard (D:1)
  5 kobolds
  3 rats
29 creatures vanquished.

Notes
Turn   | Place    | Note
-------+----------+-------------------------------------------
     0 | D:1      | mhoghedin the Draconian Ice Elementalist began the quest for the Orb.
     0 | D:1      | Reached XP level 1. HP: 14/14 MP: 3/3
   495 | D:1      | Reached XP level 2. HP: 20/20 MP: 5/5
   924 | D:1      | Reached XP level 3. HP: 26/26 MP: 7/7
  1399 | D:2      | Noticed Robin
  1437 | D:3      | Learned a level 2 spell: Throw Frost
  1441 | D:3      | Learned a level 3 spell: Ozocubu's Armour
  1622 | D:3      | Found a sparkling altar of Nemelex Xobeh.
  1761 | D:3      | You fall through a shaft for 3 floors!
  1821 | D:6      | Noticed a bullfrog
  1831 | D:6      | Killed a bullfrog
  1831 | D:6      | Reached skill level 3 in Spellcasting
  1831 | D:6      | Reached skill level 4 in Ice Magic
  1831 | D:6      | Reached XP level 4. HP: 22/33 MP: 0/9
  1958 | D:6      | Killed from afar by a shadow imp

Vault maps used:
D:1:      wheals_arrival_linesprint
D:2:      grunt_temple_overflow_order_and_chaos_1, lightli_temple_of_fire,
          lemuel_crystal_altar, uniq_robin, uniq_crazy_yiuf_cottage
D:3:      lemuel_doored_altar, chequers_temple_overflow_statue_of_worship,
          uniq_grinder
D:6:      lemuel_round_altar, gup_sewer_entry_bowl, minmay_misc_feat_tiny,
          uniq_duvessa

Skill      XL: |  1  2  3 |
---------------+----------+-----
Spellcasting   | 3 |  3.4
Ice Magic      | 4 |  4.3
Dodging        | |  1.7
Stealth        | |  1.7
Conjurations   | |  1.0

Action                   |  1- 3 |  4- 6 || total
-------------------------+-------+-------++-------
Melee: Mace              |    42 |    13 ||    55
       Tailslap          |     5 |     1 ||     6
       Unarmed           |     1 |       ||     1
 Cast: Freeze            |    33 |     3 ||    36
       Ozocubu's Armour  |       |     1 ||     1
  Use: Scroll            |     4 |       ||     4
       Potion            |     1 |       ||     1
  Eat: Ration            |     1 |       ||     1
Armor: Skin              |    21 |     7 ||    28
Dodge: Dodged            |    54 |     8 ||    62

Table legend:
 A = Spawn XP
 B = Non-spawn XP
 C = Spawn XP percentage of total XP
 D = Spawn monster count
 E = Non-spawn monster count
 F = Spawn count percentage of total count
 G = Total turns spent on level
                    A         B        C        D         E        F      G
               +---------+---------+-------+---------+---------+-------+---------
         Total |       0 |     154 |   0.0 |       0 |      29 |   0.0 |  1958
               +---------+---------+-------+---------+---------+-------+---------
           D:1 |       0 |      43 |   0.0 |       0 |      21 |   0.0 |  1366
           D:3 |       0 |      10 |   0.0 |       0 |       6 |   0.0 |   351
           D:6 |       0 |     101 |   0.0 |       0 |       2 |   0.0 |   197
               +---------+---------+-------+---------+---------+-------+---------

Vault maps used:
D:1:      wheals_arrival_linesprint
D:2:      grunt_temple_overflow_order_and_chaos_1, lightli_temple_of_fire,
          lemuel_crystal_altar, uniq_robin, uniq_crazy_yiuf_cottage
D:3:      lemuel_doored_altar, chequers_temple_overflow_statue_of_worship,
          uniq_grinder
D:6:      lemuel_round_altar, gup_sewer_entry_bowl, minmay_misc_feat_tiny,
          uniq_duvessa

Table legend:
 A = Turns spent in this place as a percentage of turns spent in the entire game.
 B = Non-inter-level travel turns spent in this place as a percentage of non-inter-level travel turns spent in the entire game.
 C = Inter-level travel turns spent in this place as a percentage of turns spent in this place.
 D = Turns resting spent in this place as a percentage of non-inter-level travel turns spent in this place.
 E = Turns spent auto-exploring this place as a percentage of non-inter-level travel turns spent in this place.
 F = Non-inter-level travel turns spent in this place divided by the number of levels of this place that you've seen.
                   A       B       C       D       E      F
               +-------+-------+-------+-------+-------+----------------------
         Total | 100.0 | 100.0 |   2.8 |  25.0 |  58.8 | 476.0
       Dungeon | 100.0 | 100.0 |   2.8 |  25.0 |  58.8 | 476.0
               +-------+-------+-------+-------+-------+----------------------

Table legend:
 A = Kills in this place as a percentage of kills in entire the game.
 B = Kills by you in this place as a percentage of kills by you in the entire game.
 C = Kills by friends in this place as a percentage of kills by friends in the entire game.
 D = Other kills in this place as a percentage of other kills in the entire game.
 E = Experience gained in this place as a percentage of experience gained in the entire game.
 F = Experience gained in this place divided by the number of levels of this place that you have seen.
                   A       B       C       D       E      F
               +-------+-------+-------+-------+-------+----------------------
         Total | 100.0 | 100.0 |   N/A |   N/A | 100.0 |  38.5
       Dungeon | 100.0 | 100.0 |   N/A |   N/A | 100.0 |  38.5
               +-------+-------+-------+-------+-------+----------------------
